 Dungeon Crawl Stone Soup version 0.28-a0-1638-g9123634e07 (webtiles) character file.

Game seed: 15742905080195067249

36 Anon1729 the Cudgeller (level 3, 0/29 HPs)
             Began as a Human Berserker on Jan 25, 2022.
             Was a Follower of Trog.
             Slain by a gnoll (7 damage)
             ... on level 2 of the Dungeon.
             The game lasted 00:01:11 (1795 turns).

Anon1729 the Cudgeller (Human Berserker)            Turns: 1795, Time: 00:01:12

Health: 0/29       AC:  2    Str: 19    XL:     3   Next: 57%
Magic:  3/3        EV: 12    Int:  7    God:    Trog [*.....]
Gold:   50         SH:  0    Dex: 12    Spells: 2/2 levels left

rFire   . . .      SeeInvis .   a - +0 mace
rCold   . . .      Faith    .   (no shield)
rNeg    . . .      Spirit   .   b - +0 animal skin
rPois   .          Reflect  .   (no helmet)
rElec   .          Harm     .   (no cloak)
rCorr   .          Rampage  .   (no gloves)
Will    ++...                   (no boots)
Stlth   +.........              (no amulet)
HPRegen 0.09/turn               h - ring of willpower
MPRegen 0.08/turn               i - ring of willpower

@: no status effects
A: no striking features
a: Renounce Religion, Berserk


You were on level 2 of the Dungeon.
You worshipped Trog.
Trog was aware of your devotion.
You visited 1 branch of the dungeon, and saw 3 of its levels.

You collected 50 gold pieces.

Inventory:

Hand Weapons
 a - a +0 mace (weapon)
Armour
 b - a +0 animal skin (worn)
Jewellery
 h - a ring of willpower (left hand)
 i - a ring of willpower (right hand)
Scrolls
 c - 3 scrolls of teleportation {unknown}
 d - 2 scrolls of fog {unknown}
 f - a scroll of magic mapping {unknown}
 g - a scroll of fear {unknown}
Potions
 e - 2 potions of curing {unknown}


   Skills:
 + Level 3.3 Fighting
 + Level 3.4 Maces & Flails
 + Level 2.4 Armour
 + Level 2.4 Dodging


You had 2 spell levels left.
You didn't know any spells.
Your spell library was empty.

Dungeon Overview and Level Annotations

Branches:
Dungeon (3/15)

Altars:


Message History

The endoplasm is lightly wounded.
The endoplasm freezes you.
You are frozen.
You hit the endoplasm but do no damage.
The endoplasm is lightly wounded.
The endoplasm jiggles.
The endoplasm hits you.
You barely miss the endoplasm.
The endoplasm is lightly wounded.
The endoplasm closely misses you. The endoplasm hits you.
You sock the endoplasm!
You kill the endoplasm!
Trog accepts your kill.
No target in view!
No target in view!
No target in view!
No target in view!
No target in view!
No target in view!
No target in view!
A gnoll is nearby!
A gnoll is nearby!
A gnoll is nearby!
No target in view!
No target in view!
No target in view!
No target in view!
No target in view!
The gnoll shouts! x2; You hear a shout!
The gnoll hits you from afar with a +0 spear!
The gnoll hits you with a +0 spear.
You hit the gnoll but do no damage. The gnoll barely misses you.
The gnoll hits you with a +0 spear.
You are too injured to fight recklessly!
You are too injured to fight recklessly!
You barely miss the gnoll. The gnoll closely misses you.
You hit the gnoll but do no damage. The gnoll hits you with a +0 spear!
* * * LOW HITPOINT WARNING * * *
The gnoll hits you from afar with a +0 spear!
You die...

.######.#.####..#.# #.#
..........# #..#.# #.#
.######..## #..#.# #.# ##.#
#..#.# #.# #g# #..#.# #.# #g#
#..#.####.## #g# #..#........
#######.# #..#.####.## #.....#@##
#..#......# #.....#..#
#..#.####### #####.....##.##
#..#...#.g.. #.............#
#..#..<#.### #.............#
#..#####.# #.............#
#........#
#.............###.##########
#...............)....gg.....
######..............##.##########


You could see 3 gnolls.

Vanquished Creatures
  An adder (D:2)
  A dart slug (D:1)
  4 bats
  3 endoplasms
  2 giant cockroaches (D:1)
  2 goblins
  A hobgoblin (D:2)
  A jackal (D:1)
  A kobold (D:1)
  A quokka (D:1)
  2 ball pythons
  2 frilled lizards (D:1)
  3 rats
24 creatures vanquished.

Notes
Turn   | Place    | Note
-------+----------+-------------------------------------------
     0 | D:1      | Anon1729 the Human Berserker began the quest for the Orb.
     0 | D:1      | Reached XP level 1. HP: 18/18 MP: 1/1
    95 | D:1      | Reached XP level 2. HP: 10/24 MP: 2/2
   890 | D:2      | Reached XP level 3. HP: 14/29 MP: 3/3
  1795 | D:2      | Slain by a gnoll

Illustrated notes

Levels and vault maps discovered:
D:1:      minmay_arrival_four_houses, layout_basic, minmay_octomino_c4
D:2:      layout_basic
D:3:      layout_basic, bh_walls_and_bars, uniq_crazy_yiuf_cottage

Action                   || total
-------------------------++-------
Melee: Mace              ||    80
Armor: Animal skin       ||    15
Dodge: Dodged            ||    73

Table legend: (Time is in decaauts)
 A = Elapsed time spent in this place.
 B = Non-inter-level travel time spent in this place.
 C = Inter-level travel time spent in this place.
 D = Time resting spent in this place.
 E = Time spent auto-exploring this place.
 F = Levels seen in this place.
 G = Mean time per level.
                   A        B        C        D        E       F      G
               +--------+--------+--------+--------+--------+-----+--------+
         Total |   1813 |   1809 |      4 |    174 |   1353 |   3 |  604.3 |
       Dungeon |   1813 |   1809 |      4 |    174 |   1353 |   3 |  604.3 |
               +--------+--------+--------+--------+--------+-----+--------+

Top non-repeatable levels by time:
     D:2: 916 daAuts
     D:1: 881 daAuts
     D:3: 15 daAuts
